 Dungeon Crawl Stone Soup version 0.30.0 (webtiles) character file.

Game seed: 16384867719671695120

15068 Blightor the Grappler (level 12, -7/90 HPs)
             Began as a Vine Stalker Berserker on July 1, 2023.
             Was an Elder of Trog.
             Mangled by an orc warrior
             ... wielding a +0 battleaxe
             ... led by an orc knight
              (8 damage)
             ... on level 2 of the Orcish Mines.
             The game lasted 01:01:49 (8691 turns).

Blightor the Grappler (Vine Stalker Berserker)      Turns: 8691, Time: 01:01:50

Health: -7/90      AC: 19    Str: 23    XL:     12   Next: 23%
Magic:  0/13       EV: 10    Int:  7    God:    Trog [****..]
Gold:   939        SH:  0    Dex: 14    Spells: 11/11 levels left

rFire   . .          .
                       - Unarmed
rCold   + . .        (no shield)
rNeg    . . .        w - +0 chain mail {rF+}
rPois   .            (no helmet)
rElec   .            D - +0 cloak
rCorr   .            h - +2 pair of gloves
SInv    .            (no boots)
Will    +++..        T - amulet of the acrobat Stlth
                     F - +4 ring of protection
HPRegen 2.15/turn    o - ring of ice
MPRegen 0.13/turn

%: acrobat, guardian spirit
@: berserking, strong-willed, regenerating, unable to drink, very quick
A: fangs 3, regeneration 1, magic shield, antimagic bite, no potion heal 2,
clumsy 1, inability to drink after injury 1
a: Renounce Religion, Berserk, Trog's Hand, Brothers in Arms


You were on level 2 of the Orcish Mines.
You worshipped Trog.
Trog was greatly pleased with you.
You visited 2 branches of the dungeon, and saw 13 of its levels.

You collected 939 gold pieces.

Inventory:

Hand Weapons
 s - a +1 dagger of freezing
 t - a +0 flail of holy wrath
 C - a +4 quarterstaff of chaos
 N - a +2 hand axe of distortion
 S - a +0 dagger of draining
 V - a +2 short sword of flaming
 Y - a +0 whip of freezing
Missiles
 f - 11 boomerangs
 z - 2 silver boomerangs
 A - a boomerang of dispersal (quivered)
Armour
 a - +0 steam dragon scales
 b - a +2 robe of willpower
 d - a scarf of harm
 h - a +2 pair of gloves (worn)
 w - a +0 chain mail of fire resistance (worn)
 D - a +0 cloak (worn)
 W - a +0 pair of gloves
Jewellery
 i - a +6 ring of intelligence
 o - a ring of ice (right hand)
 F - a +4 ring of protection (left hand)
 H - a ring of protection from fire
 R - a ring of poison resistance
 T - an amulet of the acrobat (around neck)
Wands
 c - a wand of polymorph (3)
 m - a wand of acid (1)
 u - a wand of flame (47)
 I - a wand of roots (12)
 J - a wand of paralysis (12)
 O - a wand of digging (6)
Scrolls
 g - 3 scrolls of identify
 j - a scroll of teleportation {unknown}
 k - 3 scrolls of poison
 p - 3 scrolls of blinking
 y - 2 scrolls of torment
 E - a scroll of brand weapon {unknown}
 G - 3 scrolls of enchant weapon
 M - 2 scrolls of magic mapping
 P - 3 scrolls of noise {unknown}
 U - 2 scrolls of silence
 X - 2 scrolls of vulnerability {unknown}
 Z - a scroll of acquirement {unknown}
Potions
 e - 2 potions of degeneration
 l - 3 potions of brilliance
 n - 2 potions of lignification
 q - 6 potions of curing
 r - a potion of berserk rage {unknown}
 v - 3 potions of flight
 x - a potion of magic
 B - 3 potions of might
 K - 3 potions of attraction
 L - 2 potions of heal wounds


   Skills:
 + Level 5.2 Fighting
 - Level 4.2 Long Blades
 + Level 2.5 Throwing
 + Level 8.1 Armour
 + Level 4.3 Dodging
 + Level 3.0 Stealth
 * Level 14.6 Unarmed Combat


You had 11 spell levels left.
You didn't know any spells.
Your spell library was empty.

Dungeon Overview and Level Annotations

Branches:
Dungeon (11/15)            Temple (0/1) D:5            Lair (0/5) D:11
    Orc (2/2) D:11
    Elf: Orc:2

Altars:
Dithmenos
Gozag
Kikubaaqudgha
Uskayaw
The Shining One

Shops:
D:7 (   D:8 :   D:11 (


Innate Abilities, Weirdness & Mutations

You have razor-sharp teeth.
Your natural rate of healing is unusually fast.
When hurt, damage is shared between your health and your magic reserves.
Your bite disrupts and absorbs the magic of your enemies.
Potions cannot restore your health.
You are clumsy. (Dex -2)
You occasionally lose the ability to drink potions when taking damage.


Message History

You hit the orc warrior but do no damage.
You bite the orc warrior.
You kill the orc warrior!
Trog accepts your kill. The orc wizard closely misses you.
The orc warrior hits you but does no damage.
The orc warrior barely misses you.
The orc warrior hits you but does no damage.
You punch the orc!
You feel the power of Trog in you as your rage grows.
You kill the orc!
Trog accepts your kill. The orc warrior closely misses you.
You pummel the orc wizard!!
You feel the power of Trog in you as your rage grows.
You kill the orc wizard!
Trog accepts your kill.
Trog appreciates your killing of a magic user.
You closely miss the orc wizard. Your bite misses the orc wizard.
The orc wizard hits you but does no damage.
The orc warrior hits you with a +0 battleaxe!
* * * LOW HITPOINT WARNING * * *
The orc warrior hits you with a +0 battleaxe.
* * * LOW HITPOINT WARNING * * *
The orc warrior hits you with a +0 long sword.
* * * LOW HITPOINT WARNING * * *
You pummel the orc wizard!!
You kill the orc wizard!
Trog accepts your kill.
Trog appreciates your killing of a magic user.
The orc warrior barely misses you.
You pummel the orc!!
You kill the orc!
Trog accepts your kill.
An ogre comes into view. It is wielding a +0 giant club.
The orc wizard hits you but does no damage.
The orc warrior hits you with a +0 battleaxe!
* * * LOW HITPOINT WARNING * * *
The orc warrior hits you with a +0 battleaxe!
You die...

...............$.
#..O.............
.................
.................
#................
.........<.......
.................
......oo)........
.....{o@o........
.....oooo........
.....oo..........
.....o...........
............$....
......$.........
...............
...............


You could see an orc knight, 4 orc warriors, an ogre (wandering), 2 orc wizards
and 4 orcs.

Vanquished Creatures
  Erolcha (D:9)
  A boulder beetle (D:9)
  4 two-headed ogres
  Pikel (D:8)
  An orc sorcerer (Orc:1)
  A deep elf pyromancer (D:10)
  A cyclops (D:11)
  Maurice (D:10)
  A kobold demonologist (D:11)
  A komodo dragon (D:10)
  4 trolls
  Grinder (D:5)
  4 wyverns
  14 yaks
  2 steam dragons
  A warg (Orc:1)
  An acid dragon (D:11)
  5 water moccasins
  10 orc warriors
  2 sky beasts
  4 black bears
  2 wolves (D:11)
  2 centaurs
  An ogre (D:4)
  4 lemures (D:8)
  3 kobold brigands
  7 scorpions
  14 killer bees
  3 jellies
  2 hounds
  A gnoll bouda (D:6)
  7 orc priests
  Crazy Yiuf (D:3)
  An iguana (D:5)
  Jessica (D:2)
  2 sleepcaps
  Ijyb (D:3)
  Natasha (thrice) (D:3)
  16 orc wizards
  8 gnolls
  6 adders
  3 white imps
  4 worms
  2 dart slugs
  54 orcs
  5 endoplasms
  3 giant cockroaches
  9 hobgoblins
  6 quokkas
  10 ball pythons
  5 bats
  2 frilled lizards
  2 goblins
  13 kobolds
  3 rats
267 creatures vanquished.

Vanquished Creatures (others)
  An orc (D:9)
  5 plants (D:11)
6 creatures vanquished.

Grand Total: 273 creatures vanquished

Notes
Turn   | Place    | Note
-------+----------+-------------------------------------------
     0 | D:1      | Blightor the Vine Stalker Berserker began the quest for the
                  | Orb.
     0 | D:1      | Reached XP level 1. HP: 11/11 MP: 2/2
     1 | D:1      | Noticed a vine stalker
     4 | D:1      | Noticed a vine stalker
    13 | D:1      | Noticed a merfolk zombie
    15 | D:1      | Noticed a felid
    17 | D:1      | Noticed a vampire
    17 | D:1      | Noticed a demonspawn zombie
    19 | D:1      | Noticed a troll
   144 | D:1      | Reached XP level 2. HP: 9/16 MP: 1/3
   350 | D:1      | Reached XP level 3. HP: 19/19 MP: 4/4
   844 | D:2      | Noticed Jessica
   855 | D:2      | Killed Jessica
   856 | D:2      | Gained mutation: Your natural rate of healing is unusually
                  | fast. [Vine Stalker growth]
   856 | D:2      | Reached XP level 4. HP: 23/23 MP: 3/5
  1168 | D:2      | Reached skill level 1 in Throwing
  1509 | D:3      | Noticed Ijyb
  1527 | D:3      | Killed Ijyb
  1600 | D:3      | Reached XP level 5. HP: 26/28 MP: 4/6
  1663 | D:3      | Reached ** piety under Trog
  1700 | D:3      | Noticed Natasha
  1721 | D:3      | Killed Natasha
  1753 | D:3      | Reached skill level 1 in Unarmed Combat
  1781 | D:3      | Noticed Natasha
  1792 | D:3      | Killed Natasha
  1793 | D:3      | Reached XP level 6. HP: 32/32 MP: 7/7
  1913 | D:3      | Noticed Natasha
  1922 | D:3      | Killed Natasha
  2025 | D:3      | Found a faded altar of an unknown god.
  2133 | D:3      | Found a runed translucent door.
  2134 | D:3      | Noticed Crazy Yiuf
  2143 | D:3      | Killed Crazy Yiuf
  2144 | D:3      | Reached skill level 2 in Unarmed Combat
  2460 | D:4      | Reached XP level 7. HP: 36/36 MP: 8/8
  2571 | D:4      | Reached skill level 3 in Unarmed Combat
  2644 | D:4      | Found a shadowy altar of Dithmenos.
  2926 | D:5      | Entered Level 5 of the Dungeon
  2999 | D:5      | Noticed Grinder
  3010 | D:5      | Killed Grinder
  3011 | D:5      | Reached skill level 1 in Stealth
  3011 | D:5      | Reached skill level 4 in Unarmed Combat
  3013 | D:5      | Found a staircase to the Ecumenical Temple.
  3144 | D:5      | Found an opulent altar of Gozag.
  3235 | D:5      | Gained mutation: You have razor-sharp teeth. [Vine Stalker
                  | growth]
  3235 | D:5      | Reached XP level 8. HP: 40/40 MP: 9/9
  3368 | D:5      | Reached *** piety under Trog
  3454 | D:5      | Reached skill level 5 in Unarmed Combat
  3760 | D:5      | Noticed a wyvern
  3770 | D:5      | Killed a wyvern
  3862 | D:6      | Reached skill level 6 in Unarmed Combat
  3979 | D:6      | Reached skill level 7 in Unarmed Combat
  4144 | D:6      | Reached XP level 9. HP: 42/44 MP: 10/10
  4529 | D:7      | Found Xiph's Weapon Boutique.
  4596 | D:7      | Reached skill level 8 in Unarmed Combat
  4791 | D:7      | Reached skill level 5 in Armour
  5042 | D:8      | Noticed Pikel
  5066 | D:8      | Killed Pikel
  5067 | D:8      | Reached skill level 9 in Unarmed Combat
  5148 | D:8      | Reached XP level 10. HP: 49/49 MP: 9/11
  5152 | D:8      | Reached skill level 10 in Unarmed Combat
  5455 | D:8      | Found Roxicradd's Book Boutique.
  5981 | D:9      | Noticed a cyclops
  5982 | D:9      | Noticed a cyclops
  5982 | D:9      | Noticed a centaur warrior
  5982 | D:9      | Noticed a centaur warrior
  6118 | D:9      | Reached skill level 11 in Unarmed Combat
  6228 | D:9      | Found an ancient bone altar of Kikubaaqudgha.
  6241 | D:9      | Found a hide-covered altar of Uskayaw.
  6243 | D:9      | Found a glowing golden altar of the Shining One.
  6270 | D:9      | Noticed Erolcha
  6291 | D:9      | Killed Erolcha
  6534 | D:9      | Noticed a deep elf pyromancer
  6543 | D:9      | Noticed a skeletal warrior
  6690 | D:9      | Noticed a boulder beetle
  6725 | D:9      | Killed a boulder beetle
  6806 | D:10     | Entered Level 10 of the Dungeon
  6901 | D:10     | Gained mutation: You have hidden genetic defects. [potion
                  | of mutation]
  6917 | D:10     | Noticed a two-headed ogre
  6921 | D:10     | Killed a two-headed ogre
  6922 | D:10     | Reached skill level 12 in Unarmed Combat
  6922 | D:10     | Reached XP level 11. HP: 43/54 MP: 8/12
  6950 | D:10     | Noticed a deep elf pyromancer
  6958 | D:10     | Killed a deep elf pyromancer
  6966 | D:10     | Gained mutation: You are clumsy. (Dex -2) [hidden defects]
  7036 | D:10     | Reached **** piety under Trog
  7156 | D:10     | Noticed a two-headed ogre
  7176 | D:10     | Killed a two-headed ogre
  7200 | D:10     | Identified the +9 morningstar of Imbalance {heavy, rPois
                  | rF+ rC++ Str-4}
  7343 | D:10     | Noticed Maurice
  7351 | D:10     | Killed Maurice
  7367 | D:10     | Gained mutation: You occasionally lose the ability to drink
                  | potions when taking damage. [hidden defects]
  7367 | D:10     | Lost mutation: You have hidden genetic defects. [hidden
                  | defects expressed]
  7370 | D:10     | Reached skill level 13 in Unarmed Combat
  7481 | D:10     | Noticed a two-headed ogre
  7491 | D:10     | Killed a two-headed ogre
  7666 | D:11     | Found a staircase to the Lair.
  7723 | D:11     | Reached skill level 5 in Fighting
  7736 | D:11     | Reached skill level 14 in Unarmed Combat
  7821 | D:11     | Reached XP level 12. HP: 60/60 MP: 13/13
  8092 | D:11     | Found a staircase to the Orcish Mines.
  8092 | D:11     | Found Cuontig's Weapon Boutique.
  8378 | D:11     | Noticed a two-headed ogre
  8387 | D:11     | Killed a two-headed ogre
  8514 | Orc:1    | Entered Level 1 of the Orcish Mines
  8546 | Orc:1    | Noticed a sun demon
  8671 | Orc:2    | Entered Level 2 of the Orcish Mines
  8691 | Orc:2    | HP: 1/90 [orc warrior/+0 battleaxe (15)]
  8691 | Orc:2    | Mangled by an orc warrior

Illustrated notes

Levels and vault maps discovered:
D:1:      shiori_arrival_whats_in_store_for_you, layout_rooms
D:2:      layout_basic, uniq_jessica
D:3:      layout_rooms, chequers_ecumenical_altar_twisty, uniq_ijyb,
          uniq_crazy_yiuf_cottage, uniq_natasha
D:4:      layout_loops_ring, grunt_dithmenos_smoke_and_mirrors
D:5:      cheibrodos_iron_armory, layout_loops_corners,
          mainiacjoe_overflow_boulevard, minmay_temple_entry_arrows,
          uniq_grinder
D:6:      cheibrodos_helix_gallery, layout_basic
D:7:      layout_rooms, serial_shops, nicolae_shop_back_alley_shop
D:8:      layout_rooms, serial_shops, shop, serial_bayou_pond_e,
          minmay_misc_feat_five, nrook_mini_vaults, uniq_pikel
D:9:      layout_loops_corners, minitemple, minivault_12, uniq_erolcha
D:10:     layout_roguey, serial_glass, glass_columns_a, glass_columns_a,
          kennysheep_generic_room_14, uniq_maurice
D:11:     layout_irregular_city, minmay_lair_entry_grove, orc_david_3,
          chequers_avenue
Orc:1:    layout_diamond_mine, serial_shops
Orc:2:    st_orc_elflike, layout_caves, serial_shops, nicolae_shop_mannequins

Skill      XL: |  1  2  3  4  5  6  7  8  9 10 11 12 |
---------------+-------------------------------------+-----
Long Blades    | 3 4 |  4.2
Dodging        | 2 3 4 |  4.3
Throwing       | 1 2 |  2.5
Armour         | 2 3 4 5 7 8 |  8.1
Unarmed Combat | 1 2 4 7 9 12 14 | 14.6
Fighting       | 3 4 5 |  5.2
Stealth        | 1 2 3 |  3.0

Action                     |  1- 3 |  4- 6 |  7- 9 | 10-12 || total
---------------------------+-------+-------+-------+-------++-------
  Melee: Falchion          |    58 |     1 |       |       ||    59
         Bite              |    13 |    46 |   117 |   111 ||   287
         Unarmed           |       |   170 |   332 |   344 ||   846
         Punch             |       |     2 |     9 |    26 ||    37
  Throw: Boomerang         |    43 |    16 |     3 |       ||    62
 Invoke: Berserk           |     3 |     7 |     6 |    12 ||    28
         Trog's Hand       |       |       |     3 |    10 ||    13
    Use: Potion            |       |     1 |       |    12 ||    13
         Scroll            |       |       |       |    11 ||    11
   Stab: Invisible         |       |       |       |     1 ||     1
 Armour: Chain mail        |    31 |    86 |   230 |   235 ||   582
         Steam dragon scal |       |       |       |     2 ||     2
  Dodge: Dodged            |    42 |    83 |   148 |   292 ||   565
